 Dungeon Crawl Stone Soup version 0.31-a0-232-gb1c03b2570 (webtiles) character file.

Game seed: 13668279821974762637

100 qw the Shooter (level 4, -4/26 HPs)
             Began as a Gargoyle Hexslinger on July 6, 2023.
             Slain by a gnoll
             ... wielding a +0 whip
              (8 damage)
             ... on level 3 of the Dungeon.
             The game lasted 00:00:47 (1763 turns).

qw the Shooter (Gargoyle Hexslinger)                Turns: 1763, Time: 00:00:48

Health: -4/26      AC:  9    Str: 11    XL:     4   Next: 73%
Magic:  5/5        EV: 15    Int: 14    God:
Gold:   136        SH:  0    Dex: 14    Spells: 4/5 levels left

rFire   . . .        Y - +1 sling
rCold   . . .        (no shield)
rNeg    + . .        g - +0 ring mail
rPois   inf          b - +0 helmet
rElec   +            (no cloak)
rCorr   .            (no gloves)
SInv    .            (no boots)
Will    .....        (no amulet)
Stlth   +            f - +5 ring of evasion
HPRegen 0.24/turn    (no ring)
MPRegen 0.09/turn

%: no passive effects
@: no status effects
A: sickness immunity, AC +3, negative energy resistance 1, electricity
resistance, torment resistance 1, petrification resistance
a: no special abilities


You were on level 3 of the Dungeon.
You visited 1 branch of the dungeon, and saw 3 of its levels.

You collected 136 gold pieces.


Innate Abilities, Weirdness & Mutations

You are immune to sickness and miasma.
Your stone body is resilient. (AC +3)
You are immune to poison.
You resist negative energy. (rN+)
You are resistant to electric shocks. (rElec)
You are resistant to unholy torment.
You are immune to petrification.


   Skills:
 - Level 2.0 Fighting
 + Level 4.3 Ranged Weapons
 - Level 1.0 Armour
 - Level 1.5 Dodging
 - Level 1.0 Spellcasting
 - Level 2.6 Hexes


You had 4 spell levels left.
You knew the following spells:

 Your Spells              Type           Power      Damage    Failure   Level
a - Slow                  Hex            32%        N/A       21%         1

Your spell library contained the following spells:

 Spells                   Type           Power      Damage    Failure   Level
 Inner Flame              Hex/Fire       4%         N/A       71%         3
 Portal Projectile        Hex/Tloc       8%         N/A       71%         3
 Cause Fear               Hex            4%         N/A       90%         4

Inventory:

Hand Weapons
 Y - a +1 sling (weapon)
Armour
 b - a +0 helmet (worn)
 g - a +0 ring mail (worn)
Jewellery
 d - a ring of resist corrosion
 f - a +5 ring of evasion (left hand)
Scrolls
 c - a scroll of revelation {unknown}
 e - a scroll of fear {unknown}
 k - 2 scrolls of identify
Potions
 a - a potion of haste {unknown}
 h - a potion of degeneration {unknown}
 i - 2 potions of heal wounds {unknown}
 j - a potion of might

Dungeon Overview and Level Annotations

Branches:
Dungeon (3/15)

Altars:
Dithmenos
Gozag
Qazlal
Zin

Shops:
D:2 [


Message History

The adder closely misses you.
You shoot a sling bullet.
The sling bullet closely misses the adder.
The adder bites you but does no damage. The adder misses you.
You shoot a sling bullet. The sling bullet hits the adder.
The adder is severely wounded.
The adder barely misses you. The adder closely misses you.
You shoot a sling bullet.
The sling bullet closely misses the adder.
The adder completely misses you. The adder closely misses you.
You shoot a sling bullet.
The sling bullet hits the adder but does no damage.
The adder is severely wounded.
The adder bites you but does no damage.
You shoot a sling bullet.
The sling bullet closely misses the adder.
The adder closely misses you. The adder bites you but does no damage.
You shoot a sling bullet. The sling bullet hits the adder.
The adder is almost dead.
The adder closely misses you. The adder barely misses you.
You shoot a sling bullet. The sling bullet hits the adder.
You kill the adder!
You shoot a sling bullet.
The sling bullet hits the gnoll but does no damage.
The gnoll barely misses you.
The gnoll hits you from afar with a +0 spear.
The gnoll hits you with a +0 whip. The gnoll misses you.
You shoot a sling bullet.
The sling bullet hits the gnoll but does no damage.
The gnoll hits you with a +0 whip. The gnoll barely misses you.
You shoot a sling bullet. The sling bullet hits the gnoll.
The gnoll is moderately wounded.
The gnoll hits you with a +0 whip. The gnoll barely misses you.
You shoot a sling bullet. The sling bullet hits the gnoll.
The gnoll is heavily wounded.
The gnoll hits you from afar with a +0 spear.
You shoot a sling bullet.
The sling bullet closely misses the gnoll.
The gnoll hits you with a +0 whip!
You die...

################
#.......#.......
###.#####.#......#
#......##.#.....%.
#.#.##.##.#.....#.
#.#.##.##.#....>#.
#.#...........###.
#.############# #.
#@# #. .....ggg..#
#.
.#.#..#.#.##########
#.
......#.#.##.......#
#. .#.#. ..#
##.......# ## .....
### #........# ##
.#.# #........# ##.
.... #>.......###.#
# #........##.##


You could see 3 gnolls.

Vanquished Creatures
  A gnoll (D:3)
  3 adders
  A dart slug (D:1)
  5 ball pythons
  2 endoplasms
  3 giant cockroaches
  8 goblins
  6 hobgoblins
  5 jackals
  3 quokkas
  A bat (D:2)
  6 frilled lizards
  6 kobolds
  7 rats
57 creatures vanquished.

Notes
Turn   | Place    | Note
-------+----------+-------------------------------------------
     0 | D:1      | qw the Gargoyle Hexslinger began the quest for the Orb.
     0 | D:1      | Reached XP level 1. HP: 12/12 MP: 2/2
     0 | D:1      | 0 ||| qw: Version: 0.3-a-46-gb1f654a
     0 | D:1      | 0 ||| qw: Game counter: 1984
     0 | D:1      | 0 ||| qw: Melee chars always use a shield: true
     0 | D:1      | 0 ||| qw: God list: Okawaru
     0 | D:1      | 0 ||| qw: Allow faded altars: false
     0 | D:1      | 0 ||| qw: Do Orc after clearing Dungeon:15 true
     0 | D:1      | 0 ||| qw: Do second Lair branch before Depths: true
     0 | D:1      | 0 ||| qw: Lair rune preference: random
     0 | D:1      | 0 ||| qw: Goals: Normal
     0 | D:1      | 0 ||| PLANNING D:1-11
   112 | D:1      | Reached XP level 2. HP: 16/16 MP: 3/3
   140 | D:1      | 140 ||| FLEEEEING.
   142 | D:1      | 142 ||| FLEEEEING.
   145 | D:1      | 145 ||| FLEEEEING.
   146 | D:1      | 146 ||| FLEEEEING.
   269 | D:1      | Reached skill level 3 in Ranged Weapons
   459 | D:1      | Reached XP level 3. HP: 21/21 MP: 4/4
   737 | D:1      | 737 ||| UPGRADING to +0 ring mail.
   747 | D:1      | 747 ||| DROPPING +0 robe.
   748 | D:1      | 748 ||| UPGRADING to +5 ring of evasion.
   749 | D:1      | 749 ||| READING scroll labelled XIAGOA POBRIENT.
   750 | D:1      | 750 ||| DRINKING 3 golden potions.
   751 | D:1      | 751 ||| DROPPING scroll of poison.
   752 | D:1      | 752 ||| DROPPING 2 potions of brilliance.
   869 | D:2      | Noticed a shining eye
   872 | D:2      | Found a faded altar of an unknown god.
   880 | D:2      | Noticed a golden eye
   880 | D:2      | Noticed a great orb of eyes
   880 | D:2      | Noticed a shining eye
   893 | D:2      | Reached XP level 4. HP: 26/26 MP: 5/5
   948 | D:2      | Found Holo's Antique Armour Emporium.
   964 | D:2      | 964 ||| SHOPLISTING runed helmet (150 gold, have 76).
   964 | D:2      | 964 ||| SHOPLISTING twisted ring mail (180 gold, have 76).
  1100 | D:2      | Reached skill level 4 in Ranged Weapons
  1279 | D:2      | 1279 ||| UPGRADING to +0 helmet.
  1284 | D:2      | 1284 ||| READING scroll labelled JUZ SOESSATIDD.
  1285 | D:2      | 1285 ||| READING scroll labelled HAASSE VARPH.
  1286 | D:2      | 1286 ||| DRINKING 2 bubbling coppery potions.
  1497 | D:3      | Found an opulent altar of Gozag.
  1539 | D:3      | Found a shadowy altar of Dithmenos.
  1540 | D:3      | Found a glowing silver altar of Zin.
  1670 | D:3      | Found a stormy altar of Qazlal.
  1706 | D:3      | Reached skill level 1 in Armour
  1762 | D:3      | HP: 4/26 [gnoll/+0 spear (3)]
  1763 | D:3      | Slain by a gnoll

Levels and vault maps discovered:
D:1:      heliophobic_arrival_enchanted_forest, layout_loops_ring,
          kennysheep_pointless_box
D:2:      layout_basic, hellmonk_ecumenical_altar_watching_god, serial_shops,
          shop, kennysheep_nondescript, minmay_pentomino_r2
D:3:      layout_loops_cross, mainiacjoe_overflow_tiny_flanked,
          mainiacjoe_overflow_catwalk, mainiacjoe_overflow_divided_tiny,
          serial_glass, glass_columns_b, glass_columns_a, glass_columns_a,
          glass_columns_a, glass_columns_b, glass_columns_b, glass_columns_c,
          glass_columns_a, minmay_statues_item

Skill      XL: |  1  2  3  4 |
---------------+-------------+-----
Ranged Weapons | 3 4 |  4.3
Fighting       | 2 |  2.0
Armour         | 1 |  1.0
Dodging        | |  1.5
Spellcasting   | |  1.0
Hexes          | |  2.6

Action                     |  1- 3 |  4- 6 || total
---------------------------+-------+-------++-------
   Fire: Sling             |   106 |    80 ||   186
    Use: Scroll            |     1 |     2 ||     3
         Potion            |     1 |     1 ||     2
 Armour: Robe              |     8 |       ||     8
         Ring mail         |     7 |    25 ||    32
  Dodge: Dodged            |    36 |    46 ||    82

Table legend:
 A = Non-vault XP
 B = Vault XP
 C = Vault XP percentage of total XP
 D = Non-vault monster count
 E = Vault monster count
 F = Vault count percentage of total count
                 A         B        C        D         E       F
            +---------+---------+-------+---------+---------+-------
      Total |     140 |       3 |   2.1 |      55 |       2 |   3.5
            +---------+---------+-------+---------+---------+-------
        D:1 |      44 |       0 |   0.0 |      26 |       0 |   0.0
        D:2 |      48 |       3 |   5.9 |      16 |       2 |  11.1
        D:3 |      48 |       0 |   0.0 |      13 |       0 |   0.0
            +---------+---------+-------+---------+---------+-------
